 Dungeon Crawl Stone Soup version 0.30-a0-799-g109b55a442 (webtiles) character file.

Game seed: 5110812283132935410

17 PLAYERX the Charlatan (level 2, -1/23 HPs)
             Began as a Gnoll Wanderer on Feb 20, 2023.
             Slain by a kobold
             ... wielding a +0 whip
              (3 damage)
             ... on level 1 of the Dungeon.
             The game lasted 00:02:13 (363 turns).

PLAYERX the Charlatan (Gnoll Wanderer)               Turns: 363, Time: 00:02:13

Health: -1/23      AC:  3    Str:  8    XL:     2   Next: 62%
Magic:  5/5        EV: 12    Int: 14    God:
Gold:   9          SH:  0    Dex: 11    Spells: 5/6 levels left

rFire   . . .      SeeInvis .    a - +0 dagger
rCold   . . .      Faith    .    (no shield)
rNeg    . . .      Spirit   .    d - +0 robe
rPois   .          Reflect  .    (no helmet)
rElec   .          Harm     .    b - +0 cloak
rCorr   .          Rampage  .    (no gloves)
Will    .....                    (no boots)
Stlth   ++                       (no amulet)
HPRegen 0.23/turn                (no ring)
MPRegen 0.09/turn                (no ring)

@: no status effects
A: fangs 1, strong nose, distributed training
a: no special abilities


You were on level 1 of the Dungeon.
You visited 1 branch of the dungeon, and saw 1 of its levels.

You collected 9 gold pieces.

Inventory:

Hand Weapons
 a - a +0 dagger (weapon)
Armour
 b - a +0 cloak (worn)
 d - a +0 robe (worn)
Wands
 e - a wand of mindburst (12)
Scrolls
 f - 3 scrolls of identify {unknown}
 g - a scroll of amnesia {unknown}
Potions
 c - a potion of lignification


   Skills:
 + Level 2.5 Fighting
 + Level 0.5 Short Blades
 + Level 0.5 Long Blades
 + Level 0.5 Axes
 + Level 0.5 Maces & Flails
 + Level 0.5 Polearms
 + Level 0.5 Staves
 + Level 0.5 Ranged Weapons
 + Level 0.5 Throwing
 + Level 2.5 Armour
 + Level 2.5 Dodging
 + Level 2.3 Stealth
 + Level 0.5 Shields
 + Level 0.5 Unarmed Combat
 + Level 2.7 Spellcasting
 + Level 0.3 Conjurations
 + Level 0.3 Hexes
 + Level 0.3 Summonings
 + Level 3.7 Necromancy
 + Level 0.3 Translocations
 + Level 0.3 Transmutations
 + Level 0.3 Fire Magic
 + Level 0.3 Ice Magic
 + Level 0.3 Air Magic
 + Level 0.3 Earth Magic
 + Level 0.3 Poison Magic
 + Level 0.6 Invocations
 + Level 6.5 Evocations


You had 5 spell levels left.
You knew the following spells:

 Your Spells              Type           Power      Damage    Failure   Level
a - Necrotise             Necr           48%        1d6       4%          1

Your spell library contained the following spells:

 Spells                   Type           Power      Damage    Failure   Level
 Vampiric Draining        Necr           12%        2d6       14%         3


Dungeon Overview and Level Annotations

Branches:
Dungeon (1/15)

Altars:


Innate Abilities, Weirdness & Mutations

You have very sharp teeth.
Your uncanny sense of smell can sniff out nearby items.
Your experience applies equally to all skills.


Message History

You kill the quokka!
The kobold shouts!
The hobgoblin shouts!
You hear a shout! x2
You barely miss the kobold. You bite the kobold, but do no damage.
The kobold misses you.
You miss the kobold. The kobold completely misses you. The quokka bites you.
You closely miss the kobold. The kobold hits you but does no damage.
The quokka closely misses you.
You barely miss the kobold. The quokka barely misses you.
The kobold hits you with a +0 whip. The hobgoblin hits you.
You closely miss the kobold. Your bite misses the kobold.
The quokka barely misses you. The hobgoblin closely misses you.
The kobold barely misses you. The quokka bites you.
You are too injured to fight recklessly!
You closely miss the quokka.
The hobgoblin hits you but does no damage.
The kobold barely misses you. The quokka closely misses you.
You completely miss the quokka. The hobgoblin hits you.
The kobold barely misses you.
A goblin comes into view. It is wielding a +0 dagger.
The quokka bites you but does no damage.
You hit the quokka. Your bite misses the quokka.
The quokka is heavily wounded.
The hobgoblin hits you. The kobold barely misses you. The quokka bites you.
You closely miss the quokka.
The quokka is heavily wounded.
The quokka bites you but does no damage.
The hobgoblin hits you.
* * * LOW HITPOINT WARNING * * *
The kobold closely misses you.
You hit the quokka.
The quokka is severely wounded.
The quokka barely misses you.
A goblin comes into view. It is wielding a +0 dagger.
The hobgoblin barely misses you. The kobold hits you with a +0 whip.
* * * LOW HITPOINT WARNING * * *
You hit the quokka.
You kill the quokka!
The hobgoblin hits you but does no damage.
The kobold hits you with a +0 whip.
You die...

#......# ##
######..#.#.# #
#.........#.# #
#.###...###.# #
#.###...)...#
#.#.......########
∆
#.#...............
#.#........#######
#@###....#.#
#..K.g.#....#.#
#...gg..####.#.#
#.#............# #
......####.####.
##.....# #.## #.#
###.### #..# #.#
#.. ##.# #.# #.#
#.#


You could see a hobgoblin, 2 goblins and a kobold.

Vanquished Creatures
  A dart slug (D:1)
  A ball python (D:1)
  An endoplasm (D:1)
  3 giant cockroaches (D:1)
  A goblin (D:1)
  A kobold (D:1)
  4 quokkas (D:1)
  A bat (D:1)
13 creatures vanquished.

Notes
Turn   | Place    | Note
-------+----------+-------------------------------------------
     0 | D:1      | PLAYERX the Gnoll Wanderer began the quest for the Orb.
     0 | D:1      | PLAYERX set off with the following items: a +0 dagger, a +0
                  | cloak, a potion of lignification, a +0 robe, a wand of
                  | mindburst (12); and the following spell memorised:
                  | Necrotise; and the following spells available to memorise:
                  | Vampiric Draining.
     0 | D:1      | Reached XP level 1. HP: 17/17 MP: 4/4
    99 | D:1      | Reached XP level 2. HP: 21/23 MP: 5/5
   362 | D:1      | HP: 1/23 [kobold/+0 whip (5)]
   363 | D:1      | Slain by a kobold

Illustrated notes

Levels and vault maps discovered:
D:1:      minmay_arrival_pointy, layout_loops_ring

Action                     || total
---------------------------++-------
  Melee: Dagger            ||    59
         Bite              ||     7
   Stab: Sleeping          ||     4
 Armour: Robe              ||    13
  Dodge: Dodged            ||    36

Table legend: (Time is in decaauts)
 A = Elapsed time spent in this place.
 B = Non-inter-level travel time spent in this place.
 C = Inter-level travel time spent in this place.
 D = Time resting spent in this place.
 E = Time spent auto-exploring this place.
 F = Levels seen in this place.
 G = Mean time per level.
                   A        B        C        D        E       F      G
               +--------+--------+--------+--------+--------+-----+--------+
         Total |    362 |    362 |      0 |     57 |    166 |   1 |  362.0 |
       Dungeon |    362 |    362 |      0 |     57 |    166 |   1 |  362.0 |
               +--------+--------+--------+--------+--------+-----+--------+

Top non-repeatable levels by time:
     D:1: 362 daAuts
